 Dungeon Crawl Stone Soup version 0.30-a0-347-gf58ed5266c (webtiles) character file.

Game seed: 7626328884707372496

195 Pooter the Chopper (level 5, -19/47 HPs)
             Began as a Minotaur Monk on Nov 7, 2022.
             Demolished by an ogre
             ... wielding a +0 giant club
              (24 damage)
             ... on level 4 of the Dungeon.
             The game lasted 00:09:43 (2546 turns).

Pooter the Chopper (Minotaur Monk)                  Turns: 2546, Time: 00:09:43

Health: -19/47     AC: 11    Str: 18    XL:     5   Next: 45%
Magic:  4/4        EV:  6    Int:  7    God:
Gold:   118        SH:  0    Dex: 12    Spells: 4/4 levels left

rFire   . . .      SeeInvis +    a - +0 war axe (elec)
rCold   . . .      Faith    .    (no shield)
rNeg    . . .      Spirit   .    d - +0 plate armour
rPois   .          Reflect  .    (helmet restricted)
rElec   .          Harm     .    (no cloak)
rCorr   .          Rampage  .    (no gloves)
Will    .....                    (no boots)
Stlth   ..........               g - amulet of regeneration
HPRegen 1.07/turn                S - ring of see invisible
MPRegen 0.09/turn                (no ring)

@: no status effects
A: horns 2, retaliatory headbutt
a: no special abilities


You were on level 4 of the Dungeon.
You visited 1 branch of the dungeon, and saw 4 of its levels.

You collected 118 gold pieces.

Inventory:

Hand Weapons
 a - a +0 war axe of electrocution (weapon)
   (You found it on level 1 of the Dungeon)
 b - a +0 sling
   (You found it on level 1 of the Dungeon)
Missiles
 e - 5 poisoned darts
 Q - 45 stones (quivered)
Armour
 d - a +0 plate armour (worn)
   (You found it on level 1 of the Dungeon)
Jewellery
 g - an amulet of regeneration (around neck)
   (You found it on level 2 of the Dungeon)
 S - a ring of see invisible (left hand)
   (You found it on level 1 of the Dungeon)
Scrolls
 i - a scroll of fear {unknown}
 k - a scroll of teleportation {unknown}
Potions
 c - a potion of ambrosia
 f - 2 potions of curing {@q1}
 h - a potion of resistance
 j - a potion of heal wounds {@q2}
 l - a potion of brilliance {unknown}


   Skills:
 + Level 4.5 Fighting
 * Level 5.4 Axes
 * Level 2.7 Ranged Weapons
 + Level 2.3 Armour
 - Level 3.2 Dodging
 - Level 1.5 Stealth


You had 4 spell levels left.
You didn't know any spells.
Your spell library contained the following spells:

 Spells                   Type           Power      Damage    Failure   Level
 Sublimation of Blood     Necr           0%         N/A       100%        2
 Wereblood                Tmut           0%         N/A       100%        2
 Summon Hydra             Summ           0%         N/A       100%        7


Dungeon Overview and Level Annotations

Branches:
Dungeon (4/15)
 Temple: D:4-7

Altars:


Innate Abilities, Weirdness & Mutations

You have a pair of horns on your head.
You reflexively headbutt those who attack you in melee.


Message History

You see here a quokka skeleton.
Done exploring.
There is an open door here.
You see here an adder skeleton.
There is a stone staircase leading down here.
You climb downwards.
Found a robe and two ring mails.
There is a stone staircase leading up here.
Found 8 gold pieces and a ring mail.
You now have 101 gold pieces (gained 8).
Found an escape hatch in the ceiling.
Found a scroll labelled NUGGYJIFFY.
Found a stone staircase leading down.
k - a scroll labelled NUGGYJIFFY
Found a stone staircase leading up.
Found 5 stones.
Q - 40 stones (gained 5)
Found a bubbling brown potion.
l - a bubbling brown potion
Found a stone staircase leading down.
Found an escape hatch in the floor.
Found a spear.
Found 17 gold pieces.
Found 5 stones.
Found a dagger.
You now have 118 gold pieces (gained 17).
Q - 45 stones (gained 5)
An ogre comes into view. It is wielding a +0 giant club.
Found 3 gold pieces.
You shoot a sling bullet. The sling bullet hits the ogre.
You shoot a sling bullet. The sling bullet hits the ogre.
You shoot a sling bullet.
The sling bullet barely misses the ogre.
You hear the crackle of electricity.
a - a +0 war axe of electrocution (weapon)
The ogre hits you with a +0 giant club!!
You are too injured to fight recklessly!
You are too injured to fight recklessly!
You hit the ogre. You barely miss the ogre.
The ogre hits you with a +0 giant club!!
Ouch! That really hurt!
* * * LOW HITPOINT WARNING * * *
You hit the ogre but do no damage. Lightning courses through the ogre!
Your headbutt misses the ogre. The ogre barely misses you.
Unknown command.
You barely miss the ogre.
The ogre hits you with a +0 giant club!!
Ouch! That really hurt!
You die...

.........
..............$.........
................
.................
##.......)........
#.................
#................#
###..........O.....#
###...........@.....#
##...................#
##...##...............#
...####..............##
.### #................
## #.............#... #
#.............###.
#............##
#.......######


You could see an ogre.

Vanquished Creatures
  An iguana (D:3)
  Jessica (D:3)
  5 gnolls
  5 adders
  A worm (D:2)
  2 dart slugs
  2 bats
  4 endoplasms
  A giant cockroach (D:1)
  3 goblins
  4 hobgoblins
  3 kobolds (D:1)
  2 quokkas (D:3)
  5 ball pythons
  2 frilled lizards (D:1)
  7 rats
48 creatures vanquished.

Notes
Turn   | Place    | Note
-------+----------+-------------------------------------------
     0 | D:1      | Pooter the Minotaur Monk began the quest for the Orb.
     0 | D:1      | Reached XP level 1. HP: 19/19 MP: 0/0
    60 | D:1      | Reached skill level 4 in Axes
    60 | D:1      | Reached XP level 2. HP: 15/27 MP: 1/1
    84 | D:1      | Reached skill level 1 in Armour
   650 | D:1      | Reached XP level 3. HP: 28/33 MP: 2/2
   862 | D:2      | Reached skill level 1 in Ranged Weapons
   869 | D:2      | Reached XP level 4. HP: 10/40 MP: 3/3
  1793 | D:3      | Noticed Jessica
  1799 | D:3      | Killed Jessica
  1800 | D:3      | Reached skill level 5 in Axes
  1817 | D:3      | Reached XP level 5. HP: 47/47 MP: 4/4
  2538 | D:4      | Noticed an ogre
  2544 | D:4      | HP: 2/47 [ogre/+0 giant club (28)]
  2546 | D:4      | Demolished by an ogre

Illustrated notes

Levels and vault maps discovered:
D:1:      dpeg_arrival_solitude, layout_loops_ring
D:2:      layout_loops_cross
D:3:      layout_basic, minmay_cupped, uniq_jessica
D:4:      layout_cave_pods

Skill      XL: |  1  2  3  4 |
---------------+-------------+-----
Axes           | 4 5 |  5.4
Armour         | 1 2 |  2.3
Fighting       | 4 |  4.5
Ranged Weapons | 1 2 |  2.7
Dodging        | |  3.2
Stealth        | |  1.5

Action                   |  1- 3 |  4- 6 || total
-------------------------+-------+-------++-------
Melee: Hand axe          |    13 |       ||    13
       Headbutt          |     5 |     7 ||    12
       War axe           |    31 |    50 ||    81
       Punch             |     1 |       ||     1
 Fire: Sling             |    18 |    42 ||    60
Throw: Dart              |     5 |       ||     5
       Stone             |     2 |       ||     2
  Use: Scroll            |       |     4 ||     4
Armor: Plate armour      |    38 |    39 ||    77
Dodge: Dodged            |    11 |    29 ||    40

Table legend: (Time is in decaauts)
 A = Elapsed time spent in this place.
 B = Non-inter-level travel time spent in this place.
 C = Inter-level travel time spent in this place.
 D = Time resting spent in this place.
 E = Time spent auto-exploring this place.
 F = Levels seen in this place.
 G = Mean time per level.
                   A        B        C        D        E       F      G
               +--------+--------+--------+--------+--------+-----+--------+
         Total |   2606 |   2522 |     84 |    175 |   1851 |   4 |  651.5 |
       Dungeon |   2606 |   2522 |     84 |    175 |   1851 |   4 |  651.5 |
               +--------+--------+--------+--------+--------+-----+--------+

Top non-repeatable levels by time:
     D:1: 810 daAuts
     D:2: 775 daAuts
     D:3: 770 daAuts
     D:4: 250 daAuts
